 Dungeon Crawl Stone Soup version 0.28.0-53-g5a82cb258f (webtiles) character file.

Game seed: 2428890959070946462

474 styxcanada the Covert (level 6, 0/32 HPs)
             Began as a Spriggan Brigand on Aug 12, 2022.
             Was an Initiate of Gozag.
             Slain by a wyvern (7 damage)
             ... on level 4 of the Dungeon on Aug 13, 2022.
             The game lasted 00:16:37 (4501 turns).

styxcanada the Covert (Spriggan Brigand)            Turns: 4501, Time: 00:16:38

Health: 0/32       AC:  3    Str:  7    XL:     6   Next: 84%
Magic:  7/7        EV: 17    Int: 13    God:    Gozag
Gold:   251        SH:  8    Dex: 18    Spells: 1/5 levels left

rFire   . . .      SeeInvis +   a - +2 dagger (vorpal)
rCold   . . .      Faith    .   j - +2 buckler
rNeg    . . .      Spirit   .   b - +0 robe
rPois   .          Reflect  .   (helmet restricted)
rElec   .          Harm     .   c - +0 cloak
rCorr   .          Rampage  .   (gloves unavailable)
Will    +....                   (boots unavailable)
Stlth   ++++......              m - amulet of magic regeneration
HPRegen 0.10/turn               d - ring of flight
MPRegen 0.50/turn               (no ring)

@: flying, very quick
A: very small, no large weapons, unfitting armour, see invisible, speed 3
a: Renounce Religion, Potion Petition, Call Merchant, Bribe Branch


You were on level 4 of the Dungeon.
You worshipped Gozag.
Gozag was aware of your devotion.
You visited 2 branches of the dungeon, and saw 5 of its levels.

You collected 317 gold pieces.
You paid 66 gold pieces to Gozag.

Inventory:

Hand Weapons
 a - a +2 vorpal dagger (weapon)
 g - a +0 short sword of draining
 h - a +0 hunting sling
Missiles
 f - 102 stones (quivered)
 o - 3 boomerangs
 q - 7 poisoned darts
Armour
 b - a +0 robe (worn)
 c - a +0 cloak (worn)
 j - a +2 buckler (worn)
Jewellery
 d - a ring of flight (left hand)
 m - an amulet of magic regeneration (around neck)
Scrolls
 n - a scroll of fear {unknown}
 r - a scroll of magic mapping {unknown}
 t - a scroll of fog {unknown}
Potions
 k - 2 potions of heal wounds
 l - 2 potions of curing
 p - a potion of resistance
 s - 2 potions of invisibility {unknown}


   Skills:
 * Level 2.5 Fighting
 + Level 3.1 Short Blades
 + Level 2.4(3.3) Slings
 + Level 2.8(3.1) Throwing
 * Level 4.0 Dodging
 * Level 8.6 Stealth
 * Level 1.3 Shields
 * Level 0.1 Spellcasting
 * Level 0.1 Conjurations
 * Level 0.1 Air Magic


You had one spell level left.
You knew the following spells:

 Your Spells              Type           Power      Damage    Failure   Level
a - Magic Dart            Conj           0%         1d3       54%         1
b - Mephitic Cloud        Conj/Pois/Air  0%         N/A       88%         3

Your spell library contained the following spells:

 Spells                   Type           Power      Damage    Failure   Level
 Beastly Appendage        Tmut           0%         N/A       54%         1
 Call Imp                 Summ           0%         N/A       69%         2
 Wereblood                Tmut           0%         N/A       69%         2
 Call Canine Familiar     Summ           0%         N/A       89%         3
 Portal Projectile        Hex/Tloc       0%         N/A       89%         3
 Spider Form              Tmut/Pois      0%         N/A       89%         3
 Leda's Liquefaction      Hex/Erth       0%         N/A       100%        4


Dungeon Overview and Level Annotations

Branches:
Dungeon (4/15)             Temple (1/1) D:4

Altars:
Ashenzari
Cheibriados
Dithmenos
Elyvilon
Fedhas
Gozag
Hepliaklqana
Makhleb
Nemelex Xobeh
Okawaru
Qazlal
Ru
Sif Muna
Trog
Uskayaw
Vehumet
Wu Jian
Xom
Yredelemnul
Zin
The Shining One


Innate Abilities, Weirdness & Mutations

You are very small and have problems with some larger weapons.
You are too small for most types of armour.
You have supernaturally acute eyesight. (SInv)
You cover ground extremely quickly. (Speed+++)


Message History

Aim: a wyvern (moderately wounded, very poisoned, slow, 63% to hit)
You throw a stone.
The stone hits the wyvern but does no damage.
The wyvern is moderately wounded.
You closely miss the wyvern.
The wyvern is heavily wounded.
The wyvern barely misses you.
You barely miss the wyvern.
The wyvern is heavily wounded.
The wyvern barely misses you.
You hit the wyvern but do no damage.
The wyvern is heavily wounded.
You closely miss the wyvern.
The wyvern is heavily wounded.
You block the wyvern's attack.
You hit the wyvern but do no damage.
The wyvern is heavily wounded.
You block the wyvern's attack.
You hit the wyvern but do no damage.
The wyvern is severely wounded.
The wyvern bites you!
The hobgoblin shouts!
You hit the wyvern but do no damage.
The wyvern is severely wounded.
The wyvern is no longer moving slowly.
The wyvern bites you.
A hound skeleton comes into view.
You hit the wyvern but do no damage.
The wyvern is severely wounded.
The wyvern completely misses you. The wyvern bites you!
* * * LOW HITPOINT WARNING * * *
You barely miss the wyvern.
The wyvern is severely wounded.
You block the wyvern's attack.
The hobgoblin is distracted by your dazzling golden aura.
Unknown command.
You hit the wyvern.
The wyvern is severely wounded.
The wyvern bites you!
You die...
Your body crumbles into a pile of gold.

#..###..#####...# ..#####...#..
###..#....#...#...# ..#...#...#..
#........#.....#.###.#.... #.###.
...<....###...###. .###...###...#
.........#.###.# .. .#.###.#.....
........#...#...#.. #...#...#...#
........#...#...#####...#...#####
........#...#...#...#(..#...# #
.........#.## #@l..g#$###:#.....
........###... ##...###.(.###...#
........##.... #.###.#.....# ###.
..........#.. #.. #...#...#...#
...P......#####.. #...#####..(#
...P>P....# #.. #...# ..#
....PP...#... .#. ##.#. .##
......P..##...### .###g .
.†.........### .. ..


You could see a wyvern (poisoned) and a hobgoblin.

Vanquished Creatures
  A wyvern (D:4)
  A centaur (D:4)
  A bullfrog (D:4)
  A hound (D:4)
  An iguana (D:4)
  Terence (D:2)
  2 adders
  An adder skeleton (D:4)
  A dart slug (D:4)
  7 orcs
  8 bats
  8 endoplasms
  A giant cockroach (D:1)
  5 goblins
  3 hobgoblins
  6 jackals (D:2)
  A kobold (D:3)
  6 quokkas
  10 ball pythons
  5 frilled lizards
  6 rats
76 creatures vanquished.

Vanquished Creatures (others)
  2 plants (D:4)
2 creatures vanquished.

Grand Total: 78 creatures vanquished

Notes
Turn   | Place    | Note
-------+----------+-------------------------------------------
     0 | D:1      | styxcanada the Spriggan Brigand began the quest for the
                  | Orb.
     0 | D:1      | Reached XP level 1. HP: 10/10 MP: 2/2
     2 | D:1      | Noticed a dwarf
     2 | D:1      | Noticed a gargoyle
     4 | D:1      | Noticed a draconian
     4 | D:1      | Noticed a tengu
     6 | D:1      | Noticed a vampire
     8 | D:1      | Noticed a minotaur
     8 | D:1      | Noticed a vine stalker
    10 | D:1      | Noticed a human
    12 | D:1      | Noticed an elf
    14 | D:1      | Noticed an ogre
    14 | D:1      | Noticed a demigod
    16 | D:1      | Noticed a ghoul
    16 | D:1      | Noticed a troll
    18 | D:1      | Noticed an octopode
    18 | D:1      | Noticed a naga
    20 | D:1      | Noticed a formicid
    22 | D:1      | Noticed a demonspawn
    22 | D:1      | Noticed a spriggan
    24 | D:1      | Noticed a merfolk
    26 | D:1      | Noticed a felid
    41 | D:1      | Reached skill level 6 in Stealth
   489 | D:1      | Reached XP level 2. HP: 14/14 MP: 3/3
  1318 | D:2      | Noticed Terence
  1451 | D:2      | Reached XP level 3. HP: 7/18 MP: 4/4
  1625 | D:2      | Killed Terence
  1626 | D:2      | Reached skill level 7 in Stealth
  1907 | D:2      | Reached XP level 4. HP: 23/23 MP: 5/5
  2147 | D:3      | Found a faded altar of an unknown god.
  3428 | D:4      | Found a staircase to the Ecumenical Temple.
  3458 | Temple   | Entered the Ecumenical Temple
  3551 | Temple   | Became a worshipper of Gozag Ym Sagoz the Greedy
  3606 | D:4      | Noticed a bullfrog
  3856 | D:4      | Reached skill level 1 in Slings
  3856 | D:4      | Reached XP level 5. HP: 22/26 MP: 6/6
  3905 | D:4      | Noticed a wyvern
  3918 | D:4      | Killed a wyvern
  3919 | D:4      | Reached skill level 8 in Stealth
  3919 | D:4      | Reached XP level 6. HP: 14/31 MP: 7/7
  4011 | D:4      | Reached skill level 1 in Shields
  4348 | D:4      | Learned a level 1 spell: Magic Dart
  4352 | D:4      | Learned a level 3 spell: Mephitic Cloud
  4473 | D:4      | Noticed a wyvern
  4501 | D:4      | Slain by a wyvern

Illustrated notes

Levels and vault maps discovered:
D:1:      kb_arrival_jail, layout_basic
D:2:      layout_rooms, uniq_terence
D:3:      layout_loops_ring, ebering_ecumenical_altar_mist
D:4:      nicolae_cairo_tiling, layout_rooms, minmay_temple_entry_overgrown,
          minmay_ruptured
Temple:   grunt_wide_crystal_templ

Skill      XL: |  1  2  3  4  5  6 |
---------------+-------------------+-----
Stealth        | 6 7 8 |  8.6
Dodging        | 2 3 4 |  4.0
Fighting       | 2 |  2.5
Slings         | 1 2 |  2.4
Short Blades   | 3 |  3.1
Shields        | 1 |  1.3
Throwing       | |  2.8
Spellcasting   | |  0.1
Conjurations   | |  0.1
Air Magic      | |  0.1

Action                   |  1- 3 |  4- 6 || total
-------------------------+-------+-------++-------
Melee: Dagger            |    79 |   160 ||   239
       Punch             |     2 |       ||     2
 Fire: Hunting sling     |       |    17 ||    17
Throw: Dart              |    16 |    30 ||    46
       Stone             |       |     2 ||     2
  Use: Scroll            |       |     5 ||     5
 Stab: Sleeping          |     6 |     8 ||    14
       Distracted        |       |     2 ||     2
Armor: Robe              |    19 |    17 ||    36
Dodge: Dodged            |    80 |   112 ||   192
Block: Buckler           |       |    37 ||    37
